 Dungeon Crawl Stone Soup version 0.19-a0-1714-gcab94ab (webtiles) character file.

282 Eucla the Slasher (level 6, -1/49 HPs)
             Began as a Demonspawn Monk on Sept 28, 2016.
             Killed by divine providence
             ... invoked by an orc priest
              (14 damage)
             ... on level 3 of the Dungeon.
             The game lasted 00:02:59 (2028 turns).

Eucla the Slasher (Demonspawn Monk)                 Turns: 2028, Time: 00:02:59

Health: -1/49      AC: 15    Str: 13    XL:     6   Next: 6%
Magic:  6/6        EV: 12    Int: 12    God:
Gold:   96         SH:  0    Dex: 15    Spells: 0 memorised, 5 levels left

rFire  . . .     SeeInvis .     a - +0 falchion
rCold  . . .     Gourm    .     j - +0 ring mail
rNeg   . . .     Faith    .     (no shield)
rPois  .         Spirit   .     (helmet restricted)
rElec  .         Dismiss  .     (no cloak)
rCorr  .         Reflect  .     (no gloves)
MR     .....     Harm     .     (no boots)
Stlth  +.........               (no amulet)
                                (no ring)
                                (no ring)

@: sanguine armour
A: horns 2, demonic guardian 1, sanguine armour 2
a: no special abilities


You were on level 3 of the Dungeon.
You were not hungry.

You visited 1 branch of the dungeon, and saw 3 of its levels.

You collected 96 gold pieces.

Inventory:

Hand Weapons
 a - a +0 falchion (weapon)
Armour
 b - a +0 robe
 j - a +0 ring mail (worn)
Scrolls
 f - 5 scrolls of identify {unknown}
Potions
 d - a potion of heal wounds {unknown}
 e - a potion of curing {unknown}
 g - a potion of lignification {unknown}
 h - a potion of resistance {unknown}
 k - 3 potions of degeneration {unknown}
Comestibles
 c - 4 bread rations
 i - 2 chunks of flesh


   Skills:
 + Level 4.4 Fighting
 * Level 4.7 Long Blades
 + Level 3.7 Dodging
 - Level 1.7 Stealth


You had 5 spell levels left.
You didn't know any spells.

Dungeon Overview and Level Annotations

Branches:
Dungeon (3/15)

Altars:
Hepliaklqana


Innate Abilities, Weirdness & Mutations

You have a pair of horns on your head.
A weak demonic guardian rushes to your aid.
When seriously injured, your bleeding wounds create thick armour. (AC +9)


Message History

The orc priest completely misses your quasit.
The orc closely misses you.
You riposte.
You barely miss the orc.
Unknown command.
Your quasit bites the orc priest but does no damage.
Your quasit claws the orc priest but does no damage. x2
The orc hits you but does no damage.
The orc priest hits your quasit but does no damage.
Your quasit bites the orc priest but does no damage.
Your quasit claws the orc priest.
Your quasit claws the orc priest but does no damage.
The orc priest looks braver for a moment.
An adder comes into view.
The adder hisses angrily.
Your quasit bites the orc priest.
Your quasit barely misses the orc priest.
Your quasit closely misses the orc priest.
The orc priest misses your quasit.
The orc priest calls down the wrath of Beogh upon you.
Beogh smites you!
You die...

#.............
#.............
#............
###...>........
.......oo...#
#....g..5..##### #..
#......(o....... ...
#######.o.(##### ...
#o@.(.S..#######.).
######...(...)........
#....#...#....#......###
#........<..............
##.......................
......†.#..........†...).
##..<.#...#####...###..#.
#####....###....# ##....
#....)##.....#..###...#.


You could see 2 orc priests, an adder, 3 orcs, a goblin and a friendly quasit.

Vanquished Creatures
  The ghost of plsesad the Magician, an amateur HEWz (D:3)
  Natasha (thrice) (D:2)
  Terence (D:2)
  Ijyb (D:2)
  2 gnolls (D:1)
  2 adders
  2 oozes
  A dart slug (D:1)
  A leopard gecko (D:3)
  2 orcs
  3 giant cockroaches
  12 goblins
  5 jackals
  2 ball pythons (D:2)
  4 bats
  A frilled lizard (D:1)
  4 kobolds
  8 rats
55 creatures vanquished.

Vanquished Creatures (collateral kills)
  Jessica (D:2)
  2 adders
3 creatures vanquished.

Grand Total: 58 creatures vanquished

Notes
Turn   | Place    | Note
-------+----------+-------------------------------------------
     0 | D:1      | Eucla the Demonspawn Monk began the quest for the Orb.
     0 | D:1      | Reached XP level 1. HP: 18/18 MP: 1/1
   108 | D:1      | Gained mutation: When seriously injured, your bleeding wounds create armour. (AC +9) [demonic ancestry]
   108 | D:1      | Reached XP level 2. HP: 15/24 MP: 2/2
   408 | D:1      | Gained mutation: A weak demonic guardian rushes to your aid. [demonic ancestry]
   408 | D:1      | Reached XP level 3. HP: 16/29 MP: 3/3
  1124 | D:2      | Noticed Jessica
  1129 | D:2      | Noticed Ijyb
  1132 | D:2      | Killed Jessica
  1148 | D:2      | Killed Ijyb
  1148 | D:2      | Gained mutation: When seriously injured, your bleeding wounds create thick armour. (AC +9) [demonic ancestry]
  1148 | D:2      | Reached XP level 4. HP: 11/37 MP: 4/4
  1206 | D:2      | Noticed Natasha
  1222 | D:2      | Killed Natasha
  1381 | D:2      | Noticed Natasha
  1398 | D:2      | Killed Natasha
  1398 | D:2      | Gained mutation: You have a pair of small horns on your head. [demonic ancestry]
  1398 | D:2      | Reached XP level 5. HP: 15/42 MP: 5/5
  1521 | D:2      | Noticed Terence
  1536 | D:2      | Killed Terence
  1551 | D:2      | Found a hazy altar of Hepliaklqana.
  1645 | D:2      | Noticed Natasha
  1655 | D:2      | Killed Natasha
  1969 | D:3      | Noticed plsesad's ghost (amateur HEWz)
  1981 | D:3      | Killed plsesad's ghost
  1981 | D:3      | Gained mutation: You have a pair of horns on your head. [demonic ancestry]
  1981 | D:3      | Reached XP level 6. HP: 24/49 MP: 6/6
  2028 | D:3      | Killed from afar by an orc priest

Vault maps used:
D:1:      dpeg_arrival_simpleton_c, minivault_11
D:2:      lemuel_doored_altar, uniq_jessica, uniq_iyjb, uniq_terence,
          uniq_natasha
D:3:      first_bread, gup_sewer_entry_glass

Skill      XL: |  1  2  3  4 |
---------------+-------------+-----
Long Blades    | 3 4 |  4.7
Dodging        | 3 |  3.7
Fighting       | 4 |  4.4
Stealth        | |  1.7

Action                   |  1- 3 |  4- 6 || total
-------------------------+-------+-------++-------
Melee: Falchion          |   111 |   142 ||   253
       Headbutt          |       |    21 ||    21
 Stab: Sleeping          |     4 |     1 ||     5
       Distracted        |       |     2 ||     2
  Eat: Chunk             |       |     4 ||     4
Armor: Robe              |    17 |    19 ||    36
       Ring mail         |       |    15 ||    15
Dodge: Dodged            |    66 |    85 ||   151
